 Dungeon Crawl Stone Soup version 0.20.1-1-g8b1a95d (webtiles) character file.

9 Jazqa the Twirler (level 2, 0/37 HPs)
             Began as a Demonspawn Gladiator on Oct 30, 2017.
             Succumbed to a kobold's poison
             ... on level 1 of the Dungeon.
             The game lasted 00:00:32 (585 turns).

Jazqa the Twirler (Demonspawn Gladiator)             Turns: 585, Time: 00:00:33

Health: 0/37       AC: 21    Str: 14    XL:     2   Next: 6%
Magic:  2/2        EV:  2    Int:  9    God:
Gold:   0          SH:  0    Dex: 14    Spells: 1/1 levels left

rFire    . . .     SeeInvis .   a - +0 quarterstaff
rCold    . . .     Gourm    .   (shield currently unavailable)
rNeg     + + +     Faith    .   (armour currently unavailable)
rPois    +         Spirit   .   (helmet currently unavailable)
rElec    .         Reflect  .   (cloak currently unavailable)
rCorr    .         Harm     .   (gloves currently unavailable)
MR       .....     NoTele   +   (boots currently unavailable)
Stlth    ++........             (no amulet)
Regen    0.2/turn               (no ring)
MPRegen  0.1/turn               (no ring)

@: lethally poisoned (0 -> -12), tree-form
A: mutation resistance 1, nightstalker 1, robust 1, MP-powered wands
a: no special abilities


You were on level 1 of the Dungeon.
You were not hungry.
You were a tree.
You visited 1 branch of the dungeon, and saw 1 of its levels.


Innate Abilities, Weirdness & Mutations

You are slightly more attuned to the shadows.
((Your flesh is cold resistant. (rC+)))
You are somewhat resistant to further mutation.
You are robust. (+10% HP)
You expend magic power (3 MP) to strengthen your wands.


   Skills:
 + Level 2.4 Fighting
 + Level 2.9 Staves
 - Level 1.7 Throwing
 - Level 2.6 Dodging


You had one spell level left.
You didn't know any spells.

Inventory:

Hand Weapons
 a - a +0 quarterstaff (weapon)
Missiles
 d - 3 throwing nets {=f}
Armour
 b - a +0 leather armour (melded)
 c - a +0 helmet (melded)
Comestibles
 f - a bread ration {@e1}
 g - 2 meat rations {@e1}

Dungeon Overview and Level Annotations

Branches:
Dungeon (1/15)

Altars:

#....# #..####.#....
#.#..###............
#.#................>..
#####.###......#####.###..
#..............# #.# #..
......####.###.# #.# #..
...........###.### #.# #..
.................###.# #..
#...).♣.(......##.####.
#...###................
......................##.
##.#...#######.##.####.##.
.......# #.##. #.##.
##.##..# #.##.####.##. #.
#..# #.##.........
#.#######.##.
###.#######.##.


There were no monsters in sight!


Message History

There is a lethal amount of poison in your body!
* * * LOW HITPOINT WARNING * * *
You feel sick.
* * * LOW HITPOINT WARNING * * *
You feel sick.
It was a potion of lignification.
You turn into a tree.
Your +0 helmet melds into your body.
Your +0 leather armour melds into your body.
Your roots penetrate the ground.
* * * LOW HITPOINT WARNING * * *
You feel sick.
Unknown command.
There is a lethal amount of poison in your body!
Unknown command.
It was a potion of mutation.
You feel extremely strange.
You feel resistant to cold.
You feel your magical essence link to your wands.
You feel robust.
You feel genetically stable.
* * * LOW HITPOINT WARNING * * *
You feel sick.
Unknown command.
There is a lethal amount of poison in your body!
Unknown command.
* * * LOW HITPOINT WARNING * * *
You feel sick.
* * * LOW HITPOINT WARNING * * *
You feel sick.
* * * LOW HITPOINT WARNING * * *
You feel sick.
You die...

Action                   || total
-------------------------++-------
Melee: Quarterstaff      ||    32
  Use: Potion            ||     2
 Stab: Sleeping          ||     1
Armor: Leather armour    ||     7
Dodge: Dodged            ||    22

Vault maps used:
D:1:      shiori_shiawase

Notes
Turn   | Place    | Note
-------+----------+-------------------------------------------
     0 | D:1      | Jazqa the Demonspawn Gladiator began the quest for the Orb.
     0 | D:1      | Reached XP level 1. HP: 16/16 MP: 1/1
   396 | D:1      | Gained mutation: You are slightly more attuned to the shadows. [demonic ancestry]
   396 | D:1      | Reached XP level 2. HP: 12/23 MP: 2/2
   581 | D:1      | Gained mutation: Your flesh is cold resistant. (rC+) [potion of mutation]
   581 | D:1      | Gained mutation: You expend magic power (3 MP) to strengthen your wands. [potion of mutation]
   581 | D:1      | Gained mutation: You are robust. (+10% HP) [potion of mutation]
   581 | D:1      | Gained mutation: You are somewhat resistant to further mutation. [potion of mutation]
   582 | D:1      | HP: 3/37 [poisoned by a kobold]
   584 | D:1      | HP: 1/37 [poisoned by a kobold]
   585 | D:1      | Succumbed to a kobold's poison

Vanquished Creatures
  A leopard gecko (D:1)
  A bat (D:1)
  A giant cockroach (D:1)
  2 hobgoblins (D:1)
  2 kobolds (D:1)
  A rat (D:1)
8 creatures vanquished.
